 Dungeon Crawl Stone Soup version 0.31-a0-1336-g7fd7ca34b5 (webtiles) character file.

Game seed: 10477247715901710620

673 DJTOni the Basher (level 7, -7/70 HPs)
             Began as an Oni Fighter on Dec 21, 2023.
             Was an Initiate of Gozag.
             Mangled by an ogre
             ... wielding a +0 giant spiked club
              (28 damage)
             ... on level 5 of the Dungeon.
             The game lasted 00:24:10 (4951 turns).

DJTOni the Basher (Oni Fighter)                     Turns: 4951, Time: 00:24:11

Health: -7/70      AC:  5    Str: 23    XL:     7   Next: 59%
Magic:  7/7        EV:  8    Int:  9    God:    Gozag
Gold:   160        SH:  7    Dex:  8    Spells: 6/6 levels left

rFire   + . .        a - +0 flail (spect)
rCold   + . .        c - +0 kite shield
rNeg    . . .        b - +0 robe
rPois   .            (helmet restricted)
rElec   .            g - +1 cloak
rCorr   .            (gloves unavailable)
SInv    .            (boots unavailable)
Will    .....        t - amulet of regeneration
Stlth   +            s - ring of protection from cold
HPRegen 1.11/turn    z - ring of protection from fire
MPRegen 0.10/turn

%: no passive effects
@: no status effects
A: drunken brawling, large, unfitting armour, horns 1, tough skin 1, double
potion healing
a: Renounce Religion, Potion Petition, Call Merchant, Bribe Branch


You were on level 5 of the Dungeon.
You worshipped Gozag.
Gozag was aware of your devotion.
You visited 2 branches of the dungeon, and saw 6 of its levels.

You collected 334 gold pieces.
You spent 104 gold pieces at shops.
You paid 70 gold pieces to Gozag.

Inventory:

Hand Weapons
 a - a +0 spectral flail (weapon)
 v - a +2 dire flail of holy wrath
Armour
 b - a +0 robe (worn)
 c - a +0 kite shield (worn)
 g - a +1 cloak (worn)
Jewellery
 e - a ring of fire
 s - a ring of protection from cold (left hand)
 t - an amulet of regeneration (around neck)
 y - a ring of protection from cold
 z - a ring of protection from fire (right hand)
Talismans
 C - a granite talisman
Wands
 p - a wand of charming (1)
 B - a wand of flame (28)
Scrolls
 f - 2 scrolls of immolation
 h - a scroll of poison {unknown}
 j - a scroll of vulnerability {unknown}
 k - 2 scrolls of teleportation
 n - a scroll of fog {unknown}
 o - 3 scrolls of fear {unknown}
 q - a scroll of blinking {unknown}
 r - a scroll of enchant armour {unknown}
Potions
 d - 2 potions of heal wounds {unknown}
 l - 2 potions of cancellation
 m - a potion of berserk rage {unknown}
 u - a potion of invisibility {unknown}
 w - 2 potions of haste {unknown}
 x - a potion of resistance {unknown}
 A - a potion of mutation {unknown}


   Skills:
 - Level 4.0 Fighting
 + Level 8.1 Maces & Flails
 - Level 3.0 Dodging
 - Level 3.0 Shields


You had 6 spell levels left.
You didn't know any spells.
Your spell library was empty.

Dungeon Overview and Level Annotations

Branches:
Dungeon (5/15) Zot: 25062  Temple (1/1) D:4 Zot: 5941

Altars:
Ashenzari
Cheibriados
Dithmenos
Elyvilon
Fedhas
Gozag
Makhleb
Nemelex Xobeh
Okawaru
Qazlal
Ru
Sif Muna
Trog
Uskayaw
Vehumet
Xom
Yredelemnul
The Shining One

Shops:
D:4 :*

Annotations:
D:3 Terence
D:4 3 runed translucent doors, bumbalina's ghost, amateur OpFi
D:5 ogre


Innate Abilities, Weirdness & Mutations

Whenever you drink a potion that restores your health or magic, you attack all enemies around you.
You are too large for most types of armour.
You have a pair of small horns on your head.
You have tough skin. (AC +1)
Whenever you drink a potion that restores your health or magic, it restores twice as much.


Message History

The ogre resists with some effort.
The ogre hits you with a +0 giant spiked club!!
Aiming: Charm
Press: ? - help, Shift-Dir - straight line, f/p - ogre
Aim: an ogre, wielding a +0 giant spiked club (chance to affect: 49%)
The ogre resists with some effort.
The ogre hits you with a +0 giant spiked club!!
Unknown command.
You take a swig of the potion and twirl your +0 spectral flail.
You hit the ogre. You headbutt the ogre.
The ogre is moderately wounded.
You savour every drop.
You feel better.
You take a swig of the potion and twirl your +0 spectral flail.
You thump the ogre! You headbutt the ogre.
The ogre is severely wounded.
You savour every drop.
You feel better. The ogre closely misses you.
Okay, then.
Aiming: Charm
Press: ? - help, Shift-Dir - straight line, f/p - ogre
Aim: an ogre, wielding a +0 giant spiked club (severely wounded, chance to affect: 49%)
The ogre resists with some effort.
The ogre hits you with a +0 giant spiked club!!
* * * LOW HITPOINT WARNING * * *
You take a swig of the potion and twirl your +0 spectral flail.
You barely miss the ogre.
The ogre is severely wounded.
You savour every drop.
You feel better.
Aiming: Charm
Press: ? - help, Shift-Dir - straight line, f/p - ogre
Aim: an ogre, wielding a +0 giant spiked club (severely wounded, chance to affect: 49%)
The ogre resists with some effort.
The ogre hits you with a +0 giant spiked club!!
* * * LOW HITPOINT WARNING * * *
You take a swig of the potion and twirl your +0 spectral flail.
You hit the ogre.
The ogre is severely wounded.
You savour every drop.
You feel better.
The ogre hits you with a +0 giant spiked club!!
You die...
Your body crumbles into a pile of gold.

#.# #.# #.## #.#.####
########.
##......###........ #
.....................
###...#.###.#####...#
##. #.# #.###...[.# #
##.# #.@O....# #..#
#####.### #.## # #.#
###### #.# .....# #.#
####.# #.# .# #.# #.#
####.#####.#


You could see an ogre.

Vanquished Creatures
  Edmund (D:4)
  Blork the orc (D:4)
  A scorpion (D:4)
  A howler monkey (D:4)
  A hound (D:3)
  Jessica (D:2)
  Natasha (thrice) (D:4)
  4 gnolls
  8 adders
  A shadow imp (D:5)
  A white imp (D:5)
  5 bombardier beetles
  2 worms (D:3)
  7 orcs
  2 bats
  10 endoplasms
  5 giant cockroaches
  8 goblins
  11 hobgoblins
  3 jackals (D:2)
  2 quokkas
  10 ball pythons
  5 frilled lizards
  4 kobolds
  9 rats
106 creatures vanquished.

Notes
Turn   | Place    | Note
-------+----------+-------------------------------------------
     0 | D:1      | DJTOni the Oni Fighter began the quest for the Orb.
     0 | D:1      | Reached XP level 1. HP: 24/24 MP: 1/1
   237 | D:1      | Gained mutation: Whenever you drink a potion that restores
                  | your health or magic, it restores twice as much. [Oni
                  | growth]
   237 | D:1      | Gained mutation: You have a pair of small horns on your
                  | head. [Oni growth]
   237 | D:1      | Gained mutation: You have tough skin. (AC +1) [Oni growth]
   237 | D:1      | Reached XP level 2. HP: 32/32 MP: 2/2
   684 | D:2      | Noticed Jessica
   694 | D:2      | Killed Jessica
   695 | D:2      | Reached skill level 3 in Maces & Flails
   695 | D:2      | Reached XP level 3. HP: 39/39 MP: 3/3
   718 | D:2      | Reached XP level 4. HP: 48/48 MP: 4/4
  1126 | D:2      | Reached skill level 4 in Maces & Flails
  1811 | D:1      | Reached XP level 5. HP: 54/54 MP: 5/5
  2384 | D:3      | Reached skill level 5 in Maces & Flails
  2487 | D:3      | Found a radiant altar of Vehumet.
  2909 | D:3      | Noticed Terence
  3057 | D:3      | Found a faded altar of an unknown god.
  3503 | D:4      | Noticed Edmund
  3524 | D:3      | Reached XP level 6. HP: 62/62 MP: 6/6
  3572 | D:4      | Noticed Blork the orc
  3573 | D:4      | Reached skill level 6 in Maces & Flails
  3680 | D:4      | Killed Blork the orc
  3749 | D:4      | Found Itejaeda's Book Shop.
  3944 | D:4      | Noticed Natasha
  3952 | D:4      | Killed Natasha
  3952 | D:4      | Noticed bumbalina's ghost (amateur OpFi)
  3960 | D:4      | Found a runed translucent gate.
  3960 | D:4      | Found a runed translucent gate.
  3961 | D:4      | Found a runed translucent gate.
  3989 | D:4      | Reached skill level 7 in Maces & Flails
  3989 | D:4      | Reached XP level 7. HP: 64/70 MP: 7/7
  4070 | D:4      | Found an iron altar of Okawaru.
  4090 | D:4      | Noticed Natasha
  4107 | D:4      | Killed Natasha
  4139 | D:4      | Found a staircase to the Ecumenical Temple.
  4156 | Temple   | Entered the Ecumenical Temple
  4185 | Temple   | Became a worshipper of Gozag Ym Sagoz the Greedy
  4399 | D:4      | Found Ebaddiu's CLEARANCE SALE!.
  4401 | D:4      | Bought a scroll of identify for 4 gold pieces
  4401 | D:4      | Bought a ring of protection from cold for 50 gold pieces
  4401 | D:4      | Bought a ring of protection from fire for 50 gold pieces
  4426 | D:4      | Noticed Natasha
  4427 | D:4      | Killed Edmund
  4434 | D:4      | Killed Natasha
  4478 | D:5      | Entered Level 5 of the Dungeon
  4572 | D:5      | Reached skill level 8 in Maces & Flails
  4736 | D:5      | Found a white marble altar of Elyvilon.
  4951 | D:5      | Mangled by an ogre

Illustrated notes

Levels and vault maps discovered:
D:1:      spicycebolla_arrival_xxxplode, layout_rooms
D:2:      layout_loops_cross, serial_glass, glass_columns_c, glass_columns_b,
          glass_columns_a, glass_columns_b, glass_columns_b, glass_columns_a,
          minmay_pentomino_z2, uniq_jessica
D:3:      minmay_bubble_buster, layout_basic, vehumet_crystals, serial_glass,
          glass_columns_a, glass_columns_c, dreamdust_ecumenical_altar_grove,
          kennysheep_cluttered_room, uniq_terence
D:4:      layout_gridville, hellmonk_okawaru_the_only_friend_you_need,
          minmay_temple_entry_slanted, gammafunk_ghost_split, serial_shops,
          nicolae_book_shop_shelving, minmay_misc_feat_x,
          nicolae_shop_clearance, uniq_edmund, uniq_blork_the_orc, uniq_natasha
D:5:      layout_loops_corners, elyvilon_altar_4, grunt_temple_overflow_open,
          serial_shops, nicolae_shop_peninsula
Temple:   regret_index_temple_waves

Skill      XL: |  1  2  3  4  5  6  7 |
---------------+----------------------+-----
Shields        | 3 |  3.0
Dodging        | 3 |  3.0
Maces & Flails | 3 4 5 7 8 |  8.1
Fighting       | |  4.0

Action                     |  1- 3 |  4- 6 |  7- 9 || total
---------------------------+-------+-------+-------++-------
  Melee: Flail             |    54 |    63 |    23 ||   140
         Headbutt          |     7 |    40 |     9 ||    56
         Whip              |       |   160 |    10 ||   170
  Evoke: Wand              |       |       |     5 ||     5
    Use: Potion            |     1 |       |     4 ||     5
         Scroll            |       |     1 |     3 ||     4
   Stab: Sleeping          |     2 |       |       ||     2
 Armour: Robe              |    23 |    99 |    28 ||   150
  Dodge: Dodged            |    14 |    48 |    15 ||    77
  Block: Kite shield       |    13 |    61 |     8 ||    82

Table legend: (Time is in decaauts)
 A = Elapsed time spent in this place.
 B = Non-inter-level travel time spent in this place.
 C = Inter-level travel time spent in this place.
 D = Time resting spent in this place.
 E = Time spent auto-exploring this place.
 F = Levels seen in this place.
 G = Mean time per level.
                   A        B        C        D        E       F      G
               +--------+--------+--------+--------+--------+-----+--------+
         Total |   4995 |   4287 |    708 |    339 |   2640 |   6 |  832.5 |
       Dungeon |   4936 |   4284 |    652 |    339 |   2640 |   5 |  987.2 |
        Temple |     58 |      2 |     56 |      0 |      0 |   1 |   58.0 |
               +--------+--------+--------+--------+--------+-----+--------+

Top non-repeatable levels by time:
     D:3: 1317 daAuts
     D:2: 1310 daAuts
     D:1: 1040 daAuts
     D:4: 819 daAuts
     D:5: 448 daAuts
  Temple: 58 daAuts
